 Dungeon Crawl Stone Soup version 0.31-a0-185-g9dded2c639 (webtiles) character file.

Game seed: 14133609834376627276

59 qw the Shooter (level 3, 0/20 HPs)
             Began as a Deep Elf Hunter on June 22, 2023.
             Slain by a kobold
             ... wielding a +0 short sword
              (2 damage)
             ... on level 2 of the Dungeon.
             The game lasted 00:00:21 (834 turns).

qw the Shooter (Deep Elf Hunter)                     Turns: 834, Time: 00:00:21

Health: 0/20       AC:  3    Str: 10    XL:     3   Next: 78%
Magic:  5/5        EV: 12    Int: 13    God:
Gold:   58         SH:  0    Dex: 18    Spells: 2/2 levels left

rFire   . . .        Y - +0 shortbow
rCold   . . .        (shield currently unavailable)
rNeg    . . .        c - +0 leather armour
rPois   .            (no helmet)
rElec   .            (no cloak)
rCorr   .            (no gloves)
SInv    .            (no boots)
Will    +....        (no amulet)
Stlth   ++           g - ring of willpower
HPRegen 0.23/turn    (no ring)
MPRegen 0.09/turn

%: no passive effects
@: no status effects
A: no striking features
a: no special abilities


You were on level 2 of the Dungeon.
You visited 1 branch of the dungeon, and saw 2 of its levels.

You collected 58 gold pieces.


   Skills:
 - Level 1.5 Fighting
 + Level 7.3 Ranged Weapons
 - Level 2.4 Dodging
 - Level 1.2 Stealth


You had 2 spell levels left.
You didn't know any spells.
Your spell library was empty.

Inventory:

Hand Weapons
 Y - a +0 shortbow (weapon)
Armour
 b - a +0 ring mail
 c - a +0 leather armour (worn)
Jewellery
 g - a ring of willpower (left hand)
Scrolls
 a - a scroll of revelation {unknown}
Potions
 d - a potion of degeneration {unknown}
 e - a potion of lignification {unknown}

Dungeon Overview and Level Annotations

Branches:
Dungeon (2/15)

Altars:


Message History

You feel sick. The adder bites you.
You are more poisoned.
The adder poisons you!
An adder comes into view.
You shoot an arrow. The adder hisses angrily.
The arrow hits the adder.
You kill the adder!
You feel sick.
A kobold comes into view. It is wielding a +0 short sword.
Your Ranged Weapons skill increases to level 7!
You shoot an arrow. The kobold shouts!
The arrow hits the goblin!
You kill the goblin!
You feel sick.
The kobold throws a stone.
The stone misses you.
You shoot an arrow.
The arrow hits the adder but does no damage.
You feel sick.
You shoot an arrow. The arrow barely misses the adder.
You feel sick.
You shoot an arrow. The arrow hits the adder!
You kill the adder!
You feel sick.
You shoot an arrow. The arrow closely misses the kobold.
You feel sick.
You shoot an arrow. The arrow closely misses the kobold.
You feel sick.
You are no longer poisoned.
You shoot an arrow.
The arrow hits the kobold but does no damage.
The kobold throws a stone.
The stone hits you.
You shoot an arrow. The arrow barely misses the kobold.
The kobold throws a stone.
The stone barely misses you.
You shoot an arrow. The arrow hits the kobold.
The kobold is moderately wounded.
You shoot an arrow. The arrow hits the kobold.
The kobold is almost dead.
The kobold hits you with a +0 short sword.
You die...

#.........#.#.#.#
#.........'.#.#.#
#..(......#...#.#
#.........#.###.#
#......)..#.....#
#............####
#............#
#............#
#.........##@#
#.........##K#
#####.......%.
#..........
#..........#
.......#
.........
...........


You could see a kobold.

Vanquished Creatures
  3 adders (D:2)
  A dart slug (D:1)
  A ball python (D:1)
  An endoplasm (D:1)
  3 giant cockroaches (D:1)
  5 goblins
  A hobgoblin (D:2)
  4 jackals (D:1)
  4 kobolds
  3 bats
  2 frilled lizards
  2 rats (D:1)
30 creatures vanquished.

Notes
Turn   | Place    | Note
-------+----------+-------------------------------------------
     0 | D:1      | qw the Deep Elf Hunter began the quest for the Orb.
     0 | D:1      | Reached XP level 1. HP: 12/12 MP: 3/3
     0 | D:1      | 0 ||| qw: Version: 0.3-a-9-g12657ce
     0 | D:1      | 0 ||| qw: Game counter: 1904
     0 | D:1      | 0 ||| qw: Always use a shield: true
     0 | D:1      | 0 ||| qw: God list: Okawaru
     0 | D:1      | 0 ||| qw: Allow faded altars: false
     0 | D:1      | 0 ||| qw: Do Orc after D:15 true
     0 | D:1      | 0 ||| qw: Do second Lair branch before Depths: true
     0 | D:1      | 0 ||| qw: Lair rune preference: random
     0 | D:1      | 0 ||| qw: Plans: Normal
     0 | D:1      | 0 ||| PLANNING D:1-11
   134 | D:1      | Reached skill level 6 in Ranged Weapons
   134 | D:1      | Reached XP level 2. HP: 13/16 MP: 4/4
   203 | D:1      | Found a faded altar of an unknown god.
   572 | D:1      | 572 ||| FLEEEEING.
   718 | D:1      | 718 ||| UPGRADING to ring of willpower.
   719 | D:1      | 719 ||| READING scroll labelled FOSSAU ID WOU.
   720 | D:1      | 720 ||| DROPPING scroll of butterflies.
   791 | D:2      | Reached XP level 3. HP: 20/20 MP: 5/5
   825 | D:2      | Reached skill level 7 in Ranged Weapons
   828 | D:2      | HP: 5/20 [poisoned by an adder]
   830 | D:2      | HP: 2/20 [poisoned by an adder]
   834 | D:2      | Slain by a kobold

Levels and vault maps discovered:
D:1:      dpeg_arrival_more_subterranean_lakeside_camping, layout_basic,
          chequers_ecumenical_altar_simple
D:2:      layout_basic

Skill      XL: |  1  2  3 |
---------------+----------+-----
Ranged Weapons | 6 7 |  7.3
Fighting       | |  1.5
Dodging        | |  2.4
Stealth        | |  1.2

Action                     || total
---------------------------++-------
   Fire: Shortbow          ||    76
    Use: Scroll            ||     1
 Armour: Leather armour    ||    10
  Dodge: Dodged            ||    16

Table legend:
 A = Non-vault XP
 B = Vault XP
 C = Vault XP percentage of total XP
 D = Non-vault monster count
 E = Vault monster count
 F = Vault count percentage of total count
                 A         B        C        D         E       F
            +---------+---------+-------+---------+---------+-------
      Total |      85 |       0 |   0.0 |      30 |       0 |   0.0
            +---------+---------+-------+---------+---------+-------
        D:1 |      36 |       0 |   0.0 |      21 |       0 |   0.0
        D:2 |      49 |       0 |   0.0 |       9 |       0 |   0.0
            +---------+---------+-------+---------+---------+-------
